 Dungeon Crawl Stone Soup version 0.30-a0-222-ge547ba4400 (webtiles) character file.

Game seed: 9292549785568926841

16631 qtw55 the Geomancer (level 12, -13/76 HPs)
             Began as a Gargoyle Earth Elementalist on Oct 8, 2022.
             Was a Believer of Vehumet.
             Killed by an exploding larval batsting beast (26 damage)
             ... ignited by their inner flame
             ... in an ice cave.
             The game lasted 00:36:15 (14246 turns).

qtw55 the Geomancer (Gargoyle Earth Elementalist)  Turns: 14246, Time: 00:36:15

Health: -13/76     AC: 18    Str: 11    XL:     12   Next: 39%
Magic:  15/24      EV: 32    Int: 22    God:    Vehumet [**....]
Gold:   849        SH:  9    Dex: 10    Spells: 16/27 levels left

rFire   . . .      SeeInvis .    T - +4 dagger (drain)
rCold   + + +      Faith    .    K - +0 kite shield
rNeg    + . .      Spirit   .    X - +2 robe {rC+}
rPois   ∞          Reflect  .    Z - +0 helmet
rElec   +          Harm     .    (no cloak)
rCorr   .          Rampage  .    A - +0 pair of gloves
Will    +....                    O - +2 pair of boots
Stlth   ++........               N - amulet of the acrobat
HPRegen 0.32/turn                a - +4 ring of evasion
MPRegen 0.19/turn                J - ring of Upnex {rC++ Will+ Stlth-}

@: liquefying, frozen, acrobatic, very slightly contaminated, slowed movement,
very slow
A: sickness immunity, AC +8, negative energy resistance 1, electricity
resistance, torment resistance 1, petrification resistance
a: Renounce Religion


You were in an ice cave.
You worshipped Vehumet.
Vehumet was pleased with you.
You visited 3 branches of the dungeon, and saw 13 of its levels.
You also visited: Ice Cave.

You collected 849 gold pieces.

Inventory:

Hand Weapons
 T - a +4 dagger of draining (weapon)
Missiles
 w - 5 silver boomerangs
 E - a throwing net
Armour
 A - a +0 pair of gloves (worn)
 K - a +0 kite shield (worn)
 O - a +2 pair of boots (worn)
 X - a +2 robe of cold resistance (worn)
 Z - a +0 helmet (worn)
Jewellery
 a - a +4 ring of evasion (left hand)
 f - a ring of positive energy
 p - a ring of protection from cold
 q - a ring of ice
 t - a +6 ring of dexterity
 z - a +6 ring of dexterity
 B - a ring of protection from fire
 J - the ring of Upnex (right hand) {rC++ Will+ Stlth-}
   (You found it on level 7 of the Dungeon)

   [ring of willpower]

   rC:        It greatly protects you from cold.
   Will:      It increases your willpower.
   Stlth:     It makes you less stealthy.
 N - an amulet of the acrobat (around neck)
 U - an amulet of faith
Wands
 d - a wand of flame (21)
 h - a wand of polymorph (2)
 G - a wand of paralysis (12)
 V - a wand of mindburst (9)
Scrolls
 e - 3 scrolls of poison
 k - 4 scrolls of immolation
 m - 2 scrolls of blinking {unknown}
 n - 2 scrolls of vulnerability {unknown}
 s - 3 scrolls of butterflies {unknown}
 x - 2 scrolls of enchant armour {unknown}
 y - 3 scrolls of amnesia {unknown}
 C - 5 scrolls of torment {unknown}
 F - a scroll of enchant weapon {unknown}
 I - 3 scrolls of teleportation {unknown}
 P - a scroll of identify
 W - a scroll of magic mapping {unknown}
 Y - 2 scrolls of noise {unknown}
Potions
 b - 2 potions of magic
 c - 3 potions of resistance {unknown}
 g - 2 potions of attraction
 i - 2 potions of invisibility
 j - 4 potions of lignification
 l - 3 potions of flight
 o - 2 potions of haste
 r - 5 potions of curing
 u - 2 potions of berserk rage
 v - a potion of degeneration
 D - 2 potions of mutation {unknown}
 H - 2 potions of might
 L - 2 potions of heal wounds {unknown}
 Q - a potion of brilliance {unknown}
 S - 2 potions of ambrosia
Miscellaneous
 M - a box of beasts (inert)
 R - a lightning rod (4/4)


   Skills:
 + Level 9.2 Fighting
 - Level 1.0 Armour
 + Level 8.5 Dodging
 - Level 5.0 Stealth
 - Level 6.0 Shields
 - Level 8.0 Spellcasting
 - Level 4.0 Hexes
 - Level 5.0 Transmutations
 - Level 10.0 Earth Magic


You had 16 spell levels left.
You knew the following spells:

 Your Spells              Type           Power      Damage    Failure   Level
a - Sandblast             Erth           100%       2d20      1%          1
b - Leda's Liquefaction   Hex/Erth       19%        N/A       11%         4
c - Petrify               Tmut/Erth      41%        N/A       9%          4
d - Passwall              Tmut/Erth      34%        N/A       1%          2

Your spell library contained the following spells:

 Spells                   Type           Power      Damage    Failure   Level
 Foxfire                  Conj/Fire      32%        2x1d5     21%         1
 Stone Arrow              Conj/Erth      60%        3d10      8%          3
 Confusing Touch          Hex            26%        N/A       12%         3
 Tukima's Dance           Hex            26%        N/A       12%         3
 Kiss of Death            Conj/Necr      32%        2d7       21%         1
 Portal Projectile        Hex/Tloc       34%        N/A       26%         3
 Call Canine Familiar     Summ           8%         N/A       52%         3
 Vhi's Electric Charge    Tloc/Air       16%        N/A       52%         3
 Blade Hands              Tmut           15%        N/A       56%         5
 Dispel Undead            Necr           8%         3d8       89%         4
 Manifold Assault         Tloc           8%         N/A       89%         4
 Arcjolt                  Conj/Air       4%         1d14      99%         5
 Dispersal                Tloc           4%         N/A       100%        6
 Disjunction              Tloc           4%         N/A       100%        8
 Maxwell's Capacitive Co  Air            4%         ∞         100%        8


Dungeon Overview and Level Annotations

Branches:
Dungeon (11/15)            Temple (1/1) D:5            Lair (1/5) D:9
  IceCv (1/1)
    Orc: D:9-12

Altars:
Ashenzari
Cheibriados
Dithmenos
Elyvilon
Fedhas
Gozag
Hepliaklqana
Kikubaaqudgha
Makhleb
Nemelex Xobeh
Okawaru
Qazlal
Ru
Sif Muna
Trog
Uskayaw
Vehumet
Wu Jian
Xom
Yredelemnul
Zin
The Shining One

Shops:
D:2 =   D:3 *   D:7 (   D:8 *

Annotations:
D:11 Snorg


Innate Abilities, Weirdness & Mutations

You are immune to sickness and miasma.
Your stone body is resilient. (AC +8)
You are immune to poison.
You resist negative energy. (rN+)
You are resistant to electric shocks. (rElec)
You are resistant to unholy torment.
You are immune to petrification.


Message History

The rime drake bites you but does no damage.
The rime drake closely misses you.
Unknown command.
Really read the scroll of immolation?
As you read the scroll of immolation, it crumbles to dust.
The creatures around you are filled with an inner flame!
The rime drake closely misses you. x2
Your larval batsting beast stings the rime drake but does no damage.
The rime drake breathes ice at you. The flash freeze hits you.
You are encased in ice.
The rime drake attacks as you move away!
You block the rime drake's attack.
Your larval batsting beast closely misses the rime drake.
Your larval batsting beast stings the rime drake from afar.
Flame seeps out of the rime drake.
The rime drake is engulfed in blazing flames.
Flame seeps out of the rime drake.
The rime drake bites you but does no damage.
Your larval batsting beast hits the rime drake.
Flame seeps out of the rime drake.
Your larval batsting beast stings the rime drake but does no damage.
The rime drake is engulfed in blazing flames.
Vehumet accepts your kill.
The rime drake explodes!
The fiery explosion engulfs your larval batsting beast!!!
Your larval batsting beast's corpse disappears in a puff of smoke!
The fiery explosion engulfs you!!
* * * LOW HITPOINT WARNING * * *
The fiery explosion engulfs the rime drake!!
Flame seeps out of the rime drake.
The rime drake is severely wounded.
The fiery explosion engulfs the death yak!!
Flame seeps out of the death yak.
The death yak is moderately wounded.
Your larval batsting beast explodes!
The fiery explosion engulfs the rime drake!!!
Vehumet accepts your kill. The fiery explosion engulfs you!!
You die...

. #### .. ##..######
... ##....##..##
##...#
#....§§hhh.###Y.....
#.∩.∩§§○YY†.#..kh.Yh
#.....@○##....#
##....#####..##
##..## #### ####


You could see a death yak (inner flame, struggling), 2 polar bears, a yak (inner
flame, struggling) and a wolf (inner flame, struggling).

Vanquished Creatures
  Fannar (D:10)
  3 two-headed ogres
  A manticore (D:11)
  An ugly thing (D:7)
  3 centaur zombies (D:11)
  Maurice (D:9)
  A black mamba (Lair:1)
  8 centaur skeletons (D:11)
  A komodo dragon (Lair:1)
  2 rime drakes (IceCv)
  A kobold demonologist (D:9)
  A polar bear (IceCv)
  A vampire (D:8)
  2 shadows
  3 flying skulls (D:11)
  2 wraiths (D:11)
  10 yaks
  4 steam dragons
  An acid dragon (D:8)
  4 water moccasins
  4 ice beasts
  2 orc warriors
  A sky beast (D:7)
  4 black bears
  2 ogres (D:5)
  2 wolves (IceCv)
  3 centaurs
  3 phantoms
  5 kobold brigands
  5 bullfrogs
  5 scorpions
  2 gnoll sergeants
  2 necrophages
  7 wights
  10 killer bees
  3 howler monkeys
  4 jellies
  4 hounds
  A gnoll bouda (D:6)
  2 orc priests
  Natasha (twice) (D:4)
  6 iguanas
  8 orc wizards
  18 gnolls
  9 adders
  13 white imps
  An ufetubus (D:5)
  A worm (D:3)
  11 dart slugs
  22 orcs
  12 endoplasms
  3 giant cockroaches
  7 goblins
  3 hobgoblins
  11 jackals
  26 kobolds
  2 quokkas (D:3)
  6 ball pythons
  A bat (D:3)
  2 frilled lizards (D:2)
  2 rats
288 creatures vanquished.

Vanquished Creatures (others)
  A sky beast (D:6)
  A human (D:9)
  An orc (D:7)
  21 fungi
  17 plants (D:9)
  7 toadstools (D:2)
48 creatures vanquished.

Grand Total: 336 creatures vanquished

Notes
Turn   | Place    | Note
-------+----------+-------------------------------------------
     0 | D:1      | qtw55 the Gargoyle Earth Elementalist began the quest for
                  | the Orb.
     0 | D:1      | Reached XP level 1. HP: 10/10 MP: 3/3
   119 | D:1      | Reached skill level 4 in Earth Magic
   139 | D:1      | Reached XP level 2. HP: 8/15 MP: 0/5
   727 | D:1      | Reached XP level 3. HP: 19/19 MP: 3/6
  1061 | D:2      | Found Kuotor's Jewellery Emporium.
  1241 | D:2      | Reached skill level 5 in Earth Magic
  1241 | D:2      | Reached XP level 4. HP: 24/24 MP: 3/8
  1340 | D:2      | Reached XP level 5. HP: 26/28 MP: 4/9
  1641 | D:2      | Found a shimmering blue altar of Sif Muna.
  2183 | D:3      | Found Zin's Purification Station.
  2183 | D:3      | Found a glowing silver altar of Zin.
  2573 | D:4      | Noticed a phantom
  2658 | D:5      | Entered Level 5 of the Dungeon
  2662 | D:5      | Noticed an ogre
  2667 | D:5      | Killed an ogre
  2668 | D:5      | Reached skill level 6 in Earth Magic
  2668 | D:5      | Reached XP level 6. HP: 32/32 MP: 7/12
  2713 | D:5      | Found a staircase to the Ecumenical Temple.
  3029 | D:5      | Reached XP level 7. HP: 37/37 MP: 7/13
  3106 | D:5      | Reached skill level 1 in Hexes
  3106 | D:5      | Reached skill level 7 in Earth Magic
  3140 | D:5      | Reached skill level 5 in Spellcasting
  3724 | D:4      | Reached skill level 1 in Fighting
  3805 | D:4      | Reached XP level 8. HP: 43/43 MP: 10/15
  4121 | D:4      | Noticed Natasha
  4127 | D:4      | Killed Natasha
  4131 | D:4      | Noticed Natasha
  4136 | D:4      | Killed Natasha
  4447 | D:6      | Reached skill level 5 in Stealth
  4476 | D:6      | Found a hazy altar of Hepliaklqana.
  4970 | D:6      | Reached XP level 9. HP: 51/51 MP: 13/16
  5391 | D:6      | Reached skill level 5 in Dodging
  5745 | D:6      | Reached skill level 5 in Fighting
  5974 | D:7      | Reached skill level 1 in Armour
  5974 | D:7      | Reached skill level 1 in Shields
  5974 | D:7      | Reached skill level 1 in Transmutations
  6036 | D:7      | Identified the ring of Upnex {rC++ Will+ Stlth-}
  7252 | D:7      | Found Imeusch's Antique Weapon Shoppe.
  7352 | D:7      | Noticed a purple ugly thing
  7368 | D:7      | Killed a purple ugly thing
  7369 | D:7      | Reached skill level 8 in Earth Magic
  7831 | D:8      | Reached skill level 9 in Earth Magic
  7835 | D:8      | Reached XP level 10. HP: 35/59 MP: 11/19
  8031 | D:8      | Found Fesuybla's Serpentskin Sales.
  8036 | D:8      | Reached skill level 10 in Earth Magic
  8176 | D:8      | Learned a level 4 spell: Leda's Liquefaction
  8940 | D:8      | Noticed a two-headed ogre
  8960 | D:8      | Killed a two-headed ogre
 10079 | D:9      | Found an ancient bone altar of Kikubaaqudgha.
 10334 | D:9      | Noticed a kobold demonologist
 10339 | D:9      | Noticed a sun demon
 10339 | D:9      | Killed a kobold demonologist
 10340 | D:9      | Reached skill level 5 in Transmutations
 10340 | D:9      | Reached XP level 11. HP: 64/64 MP: 19/23
 10392 | D:9      | Learned a level 4 spell: Petrify
 10395 | D:9      | Learned a level 2 spell: Passwall
 10435 | D:9      | Found a staircase to the Lair.
 10774 | D:9      | Noticed Maurice
 10781 | D:9      | Killed Maurice
 10970 | D:10     | Entered Level 10 of the Dungeon
 10979 | D:10     | Found a bloodstained altar of Trog.
 11233 | Temple   | Entered the Ecumenical Temple
 11540 | Temple   | Became a worshipper of Vehumet
 11865 | D:10     | Found a hide-covered altar of Uskayaw.
 11865 | D:10     | Found an opulent altar of Gozag.
 12599 | D:10     | Reached * piety under Vehumet
 12599 | D:10     | Offered knowledge of Freeze by Vehumet.
 12665 | D:10     | Noticed Fannar
 12688 | D:10     | Killed Fannar
 13183 | D:11     | Noticed a two-headed ogre
 13189 | D:11     | Killed a two-headed ogre
 13233 | D:11     | Reached skill level 5 in Shields
 13311 | D:11     | Reached XP level 12. HP: 22/75 MP: 1/24
 13603 | D:11     | Noticed a two-headed ogre
 13612 | D:11     | Killed a two-headed ogre
 13661 | D:11     | Offered knowledge of Foxfire by Vehumet.
 13810 | D:11     | Noticed Snorg
 13960 | Lair:1   | Entered Level 1 of the Lair of Beasts
 14089 | Lair:1   | Found a frozen archway.
 14092 | Lair:1   | Reached ** piety under Vehumet
 14114 | IceCv    | Entered an ice cave
 14233 | IceCv    | Noticed a death yak
 14246 | IceCv    | Killed by an exploding larval batsting beast... ignited by
                  | their inner flame

Illustrated notes

Levels and vault maps discovered:
D:1:      matt_arrival_refuge, layout_basic, chequers_serial_rivers_small_b,
          minmay_misc_feat_encased
D:2:      cheibrodos_fertilizer, layout_basic, basic_altar, serial_shops,
          nicolae_shop_temple_entry_statues_fountains,
          kennysheep_generic_room_14
D:3:      layout_loops_ring, zin_purify, st_stairs_14
D:4:      kennysheep_slugbush, layout_rooms, uniq_natasha
D:5:      layout_cave_pods, minmay_temple_entry_gardened_gates,
          amcnicky_mini_pool_medium
D:6:      layout_loops_ring, mainiacjoe_overflow_boulevard
D:7:      layout_cave_pools, serial_shops, shop, hangedman_decor_push,
          minmay_misc_feat_secret_circle, st_stairs_3,
          hangedman_abyss_or_decor_lesser_grid, small_statue_intersection,
          minivault_22
D:8:      layout_layer_cave, guppyfry_shop_venom
D:9:      layout_loops_ring, tgw_kikubaaqudgha, grunt_lair_entry_orc_guard_hut,
          corner_web_ring, uniq_maurice
D:10:     layout_stronghold, trog_butcher_becter, jmf_multi_god_temple,
          uniq_fannar
D:11:     hangedman_screamer, layout_loops_ring, minmay_misc_feat_nine_boxes,
          uniq_snorg
Temple:   minmay_temple_bridge_d
Lair:1:   layout_chaotic_city, portal_ice_cave_entry_imps
IceCv:    ice_cave_small_giant

Skill      XL: |  1  2  3  4  5  6  7  8  9 10 11 12 |
---------------+-------------------------------------+-----
Earth Magic    | 4 5 6 7 9 10 | 10.0
Spellcasting   | 3 4 5 6 8 |  8.0
Hexes          | 3 4 |  4.0
Stealth        | 4 5 |  5.0
Fighting       | 1 3 5 8 9 |  9.2
Dodging        | 2 4 5 6 8 |  8.5
Armour         | 1 |  1.0
Shields        | 1 6 |  6.0
Transmutations | 1 5 |  5.0

Action                   |  1- 3 |  4- 6 |  7- 9 | 10-12 || total
-------------------------+-------+-------+-------+-------++-------
Melee: Dagger            |    19 |       |     9 |    34 ||    62
       Battleaxe         |       |       |       |     6 ||     6
 Cast: Sandblast         |    38 |    70 |   165 |   320 ||   593
       Leda's Liquefacti |       |       |       |     4 ||     4
Evoke: Wand              |       |       |       |     2 ||     2
       Box of beasts     |       |       |       |     1 ||     1
  Use: Scroll            |       |       |     9 |     3 ||    12
       Potion            |       |       |       |     6 ||     6
Armor: Robe              |    13 |     6 |    39 |   113 ||   171
       Steam dragon scal |       |       |       |    41 ||    41
Dodge: Dodged            |    17 |    12 |    79 |   330 ||   438
Block: Kite shield       |       |       |       |   143 ||   143

Table legend: (Time is in decaauts)
 A = Elapsed time spent in this place.
 B = Non-inter-level travel time spent in this place.
 C = Inter-level travel time spent in this place.
 D = Time resting spent in this place.
 E = Time spent auto-exploring this place.
 F = Levels seen in this place.
 G = Mean time per level.
                   A        B        C        D        E       F      G
               +--------+--------+--------+--------+--------+-----+--------+
         Total |  14573 |  13454 |   1119 |   3098 |   8193 |  14 | 1040.9 |
       Dungeon |  13888 |  12965 |    923 |   3006 |   7997 |  11 | 1262.5 |
        Temple |    376 |    205 |    171 |      0 |    189 |   1 |  376.0 |
          Lair |    164 |    140 |     24 |      0 |      0 |   1 |  164.0 |
      Ice Cave |    143 |    143 |      0 |     92 |      7 |   1 |  143.0 |
               +--------+--------+--------+--------+--------+-----+--------+

Top non-repeatable levels by time:
     D:6: 2701 daAuts
     D:8: 2161 daAuts
    D:10: 1542 daAuts
     D:9: 1192 daAuts
     D:5: 1147 daAuts
     D:2: 934 daAuts
    D:11: 913 daAuts
     D:1: 900 daAuts
     D:7: 864 daAuts
     D:3: 857 daAuts
     D:4: 672 daAuts
  Temple: 376 daAuts
  Lair:1: 164 daAuts
   IceCv: 143 daAuts
